 Dungeon Crawl Stone Soup version 0.30-a0-800-g7c544603b3 (webtiles) character file.

Game seed: 6185078081501421605

194521 retardedninja the Blocker (level 18, -1/159 HPs)
             Began as a Gnoll Fighter on Feb 21, 2023.
             Was an Initiate of Gozag.
             Succumbed to a redback's poison
             ... on level 3 of the Spider Nest.
             The game lasted 01:16:36 (48913 turns).

retardedninja the Blocker (Gnoll Fighter)          Turns: 48913, Time: 01:16:37

Health: -1/159     AC: 24    Str: 36      XL:     18   Next: 75%
Magic:  34/34      EV: 13    Int:  7 (8)  God:    Gozag
Gold:   3168       SH: 12    Dex: 13      Spells: 41/41 levels left

rFire   + . .      SeeInvis .    q - +9 lance "Wyrmbane" {slay drac, rPois rF+ rC+ AC+3}
rCold   + . .      Faith    .    l - +0 kite shield
rNeg    + . .      Spirit   .    p - +7 plate armour of Lilacs {Str+2}
rPois   +          Reflect  .    K - +0 helmet
rElec   .          Harm     .    J - +2 cloak {Will+}
rCorr   .          Rampage  .    A - +2 pair of gloves {Stlth+}
Will    +++++      Clarity  +    s - +2 pair of boots
Stlth   ++                       G - amulet of the Four Winds {rN+ Will+++ Clar}
HPRegen 0.46/turn                f - +6 ring of strength
MPRegen 0.24/turn                B - +6 ring of strength

@: lethally poisoned (-1 -> -15), corroded, gold aura
A: fangs 1, strong nose, distributed training, iridescent scales 1, robust 1
a: Renounce Religion, Potion Petition, Call Merchant, Bribe Branch


You were on level 3 of the Spider Nest.
You worshipped Gozag.
Gozag was most pleased with you.
You visited 5 branches of the dungeon, and saw 26 of its levels.

You collected 9898 gold pieces.
You spent 2303 gold pieces at shops.
You paid 4427 gold pieces to Gozag.

Inventory:

Hand Weapons
 k - the +9 staff of Olgreb {rPois∞}
   (You took it off Arachne on level 1 of the Spider Nest)

   It enhances your poison magic.
   It grants immunity to poison.
   It can be activated via the 'a'bility menu to radiate toxic energy, with
   effectiveness depending on Evocations skill.
 q - the +9 lance "Wyrmbane" (weapon) {slay drac, rPois rF+ rC+ AC+3}
   (You acquired it on level 7 of the Dungeon)

   AC:        It affects your AC (+3).
   rF:        It protects you from fire.
   rC:        It protects you from cold.
   rPois:     It protects you from poison.
Missiles
 E - 6 javelins (quivered)
Armour
 l - a +0 kite shield (worn)
 p - the +7 plate armour of Lilacs (worn) {Str+2}
   (You took it off a gnoll on level 11 of the Dungeon)

   Str:       It affects your strength (+2).
 s - a +2 pair of boots (worn)
 v - a +6 plate armour
 A - a +2 pair of gloves of stealth (worn)
 J - a +2 cloak of willpower (worn)
 K - a +0 helmet (worn)
Jewellery
 f - a +6 ring of strength (left hand)
 i - a +5 ring of evasion
 B - a +6 ring of strength (right hand)
 G - the amulet of the Four Winds (around neck) {rN+ Will+++ Clar}
   (You bought it in a shop on level 2 of the Orcish Mines)

   [amulet of nothing]

   rN:        It protects you from negative energy.
   Clar:      It protects you against confusion.
   Will:      It greatly increases your willpower.
 I - a ring of resist corrosion
 R - a +4 ring of protection
Wands
 o - a wand of iceblast (17)
 r - a wand of flame (45)
 z - a wand of charming (5)
 C - a wand of polymorph (8)
 M - a wand of light (1)
Scrolls
 b - a scroll of torment
 g - 5 scrolls of silence
 m - 2 scrolls of amnesia
 t - a scroll of teleportation
 u - a scroll of vulnerability
 w - 4 scrolls of fog
 F - 2 scrolls of identify
 O - 2 scrolls of fear
 P - a scroll of immolation
Potions
 c - a potion of curing
 e - a potion of attraction
 h - 4 potions of flight
 j - 2 potions of brilliance
 n - a potion of lignification
 D - 2 potions of mutation
 H - 4 potions of resistance
 L - 6 potions of ambrosia
Miscellaneous
 a - a phantom mirror (inert)
 x - a tin of tremorstones (1/2)
 y - a box of beasts (inert)


   Skills:
 + Level 13.9 Fighting
 + Level 12.4 Short Blades
 + Level 12.4 Long Blades
 + Level 13.2 Axes
 + Level 12.4 Maces & Flails
 + Level 12.4 Polearms
 + Level 12.4 Staves
 + Level 12.4 Ranged Weapons
 + Level 12.4 Throwing
 + Level 13.9 Armour
 + Level 12.4 Dodging
 + Level 12.4 Stealth
 + Level 13.9 Shields
 + Level 12.4 Unarmed Combat
 + Level 12.4 Spellcasting
 + Level 10.5 Conjurations
 + Level 10.5 Hexes
 + Level 10.5 Summonings
 + Level 10.5 Necromancy
 + Level 10.5 Translocations
 + Level 10.5 Transmutations
 + Level 10.5 Fire Magic
 + Level 10.5 Ice Magic
 + Level 10.5 Air Magic
 + Level 10.5 Earth Magic
 + Level 10.5 Poison Magic
 + Level 13.5 Invocations
 + Level 12.4 Evocations


You had 41 spell levels left.
You didn't know any spells.
Your spell library contained the following spells:

 Spells                   Type           Power      Damage    Failure   Level
 Beastly Appendage        Tmut           38%        N/A       1%          1
 Slow                     Hex            76%        N/A       1%          1
 Lesser Beckoning         Tloc           38%        N/A       1%          2
 Searing Ray              Conj           38%        2d5       1%          2
 Sublimation of Blood     Necr           19%        N/A       1%          2
 Wereblood                Tmut           19%        N/A       1%          2
 Confusing Touch          Hex            19%        N/A       4%          3
 Dazzling Flash           Conj/Hex       38%        N/A       4%          3
 Gell's Gravitas          Tloc           19%        N/A       4%          3
 Inner Flame              Hex/Fire       19%        N/A       4%          3
 Spider Form              Tmut/Pois      19%        N/A       4%          3
 Swiftness                Air            19%        N/A       4%          3
 Teleport Other           Tloc           19%        N/A       4%          3
 Vampiric Draining        Necr           19%        2d7       4%          3
 Anguish                  Hex/Necr       9%         N/A       14%         4
 Flame Wave               Conj/Fire      19%        2d7       14%         4
 Iskenderun's Mystic Bla  Conj/Tloc      19%        2d6       14%         4
 Petrify                  Tmut/Erth      19%        N/A       14%         4
 Sticky Flame             Conj/Fire      19%        2d4       14%         4
 Arcjolt                  Conj/Air       9%         1d19      36%         5
 Blade Hands              Tmut           9%         N/A       36%         5
 Irradiate                Conj/Tmut      9%         3d14      36%         5
 Lightning Bolt           Conj/Air       9%         1d22      36%         5
 Metabolic Englaciation   Hex/Ice        9%         N/A       36%         5
 Iron Shot                Conj/Erth      9%         9d3       91%         6
 Starburst                Conj/Fire      9%         6d5       91%         6
 Statue Form              Tmut/Erth      12%        N/A       91%         6
 Dragon Form              Tmut           9%         N/A       100%        7
 Enfeeble                 Hex            9%         N/A       100%        7
 Summon Hydra             Summ           9%         N/A       100%        7


Dungeon Overview and Level Annotations

Branches:
Dungeon (15/15)            Temple (0/1) D:6            Lair (5/5) D:10
 Shoals (1/4) Lair:3       Spider (3/4) Lair:3        Slime (0/5) Lair:5
    Orc (2/2) D:12            Elf (0/3) Orc:2        Vaults (0/5) D:13
 Depths (0/4) D:15

Altars:
Elyvilon
Gozag
Makhleb
Okawaru
Qazlal
Trog
Vehumet
Xom
Yredelemnul
Zin
Jiyva

Shops:
D:4 ?(   D:5 (:   D:8 [([   D:10 *   D:11 *   D:12 !   Orc:2 (*=(

Portals:
Hell: Lair:5
Trove: D:11 (give 7 scrolls of fog)

Annotations:
D:6 3 runed translucent doors, domi's ghost, novice VSBr
D:11 2 transporters, cheesebisquit's ghost, journeyman MfIE
D:14 3 runed translucent doors, bjtr's ghost, journeyman GrEE
Spider:1 2 transporters, ryw's ghost, adept DsMo


Innate Abilities, Weirdness & Mutations

You have very sharp teeth.
Your uncanny sense of smell can sniff out nearby items.
Your experience applies equally to all skills.
You are partially covered in iridescent scales. (AC +2)
You are robust. (+10% HP)


Message History

The entropy weaver casts a spell at you.
The entropic weave corrodes you! The redback bites you!
You are poisoned.
The redback poisons you!
An orb of destruction comes into view.
The redback attacks as you move away!
The redback bites you but does no damage.
The culicivora attacks as you move away!
The culicivora closely misses you.
You feel extremely sick.
The demonic crawler hits you but does no damage.
The demonic crawler closely misses you. The demonic crawler hits you.
The entropy weaver casts a spell at you.
The entropic weave corrodes you!
You feel extremely sick.
The jumping spider leaps!
The orb of destruction hits the moth of wrath!!!
The moth of wrath is blown up!
You block the redback's attack. The demonic crawler misses you.
You block the demonic crawler's attack. The demonic crawler barely misses you.
You feel very sick.
The culicivora rages.
The redback bites you. You block the demonic crawler's attack.
The demonic crawler hits you but does no damage.
The demonic crawler hits you!
The culicivora attacks as you move away!
The culicivora bites you!!
* * * LOW HITPOINT WARNING * * *
The culicivora draws strength from your injuries!
You feel very sick.
The jumping spider leaps!
The redback bites you.
* * * LOW HITPOINT WARNING * * *
The demonic crawler hits you but does no damage.
The demonic crawler hits you!
* * * LOW HITPOINT WARNING * * *
The demonic crawler hits you!!
* * * LOW HITPOINT WARNING * * *
The culicivora bites you but does no damage.
You die...
Your body crumbles into a pile of gold.

#............. .
.#.............###......
...........##..^.......####
^..................##.....#
..........s.......^.........
..##...°s.#.........s.......
.. ##..°..#...............#
.. ##...°....s..........##
.. #.....B..s.@..<......# ##
#......#.s.^....^.^###
#.........###....###
###^.....^.^.......#
#..$.............#
#................#
#.......>........^#
#.........[....####
#.........^....#


You could see an entropy weaver, a demonic crawler (berserk), an orb spider, a
culicivora (berserk), a jumping spider and a redback (berserk).

Vanquished Creatures
  Arachne (Spider:1)
  Jorgrun (Spider:1)
  An emperor scorpion (Spider:1)
  3 ghost moths (Spider:1)
  A broodmother (Spider:1)
  A stone giant (D:15)
  A spark wasp (Spider:1)
  Snorg (D:10)
  2 ettins
  5 entropy weavers
  3 hydras
  A jorogumo (Spider:1)
  Harold (D:9)
  A vault guard (D:13)
  4 radroaches
  Erica (Lair:1)
  3 centaur warriors
  4 boulder beetles
  20 death yaks
  4 two-headed ogres
  2 catoblepae
  Urug (Orc:2)
  4 tengu warriors
  Sonja (D:11)
  3 orc high priests (Orc:2)
  4 skysharks
  Nergalle (Lair:1)
  A deep elf knight (D:13)
  A fire crab (D:13)
  Amaemon (Lair:2)
  6 pharaoh ants
  A sixfirhy (Lair:5)
  6 skeletal warriors (D:14)
  A sea snake (Shoals:1)
  7 orb spiders
  2 lindwurms (Lair:5)
  Pikel (D:4)
  5 orc knights
  3 deep elf zephyrmancers
  4 steelbarb worms
  3 deep elf pyromancers
  A wizard (Lair:5)
  19 wolf spiders
  20 ugly things
  5 orc sorcerers (Orc:2)
  A manticore (D:12)
  8 cyclopes
  A merfolk siren (Lair:3)
  Joseph (D:8)
  Maurice (D:9)
  7 black mambas
  15 elephants
  3 torpor snails
  10 demonic crawlers
  7 cane toads
  A smoke demon (Lair:5)
  5 orange demons
  3 gargoyles
  10 komodo dragons
  3 efreet
  2 kobold demonologists
  5 rime drakes
  A freezing wraith (D:14)
  6 meliai
  2 ice devils (Lair:5)
  A polar bear (Lair:4)
  9 trolls
  A wind drake (Shoals:1)
  22 dream sheep
  10 tarantellas
  9 blink frogs
  19 jumping spiders
  5 slime creatures (D:13)
  2 vampires
  11 culicivoras
  A wraith (D:12)
  Eustachio (D:5)
  6 wyverns
  Grum (D:8)
  2 basilisks
  A steam dragon (D:9)
  37 redbacks
  60 yaks
  3 vampire mosquitoes (D:14)
  A swamp worm (shapeshifter) (D:14)
  3 wargs
  An acid dragon (D:11)
  4 hell hounds (Lair:5)
  15 water moccasins
  A sky beast (D:7)
  An ice beast (D:7)
  22 orc warriors
  3 centaurs (D:15)
  7 ogres
  17 wolves
  6 kobold brigands
  A phantom (D:6)
  13 bullfrogs
  6 gnoll sergeants
  2 necrophages
  9 wights
  A scorpion (D:4)
  48 killer bees
  3 howler monkeys (D:10)
  An electric eel (Lair:1)
  A bullfrog zombie (D:6)
  A hound (D:6)
  3 jellies
  A centaur zombie (D:6)
  21 orc priests
  18 orc wizards
  11 gnolls
  8 adders
  4 shadow imps
  4 white imps
  A worm (D:4)
  2 dart slugs
  58 orcs
  7 endoplasms
  2 giant cockroaches
  9 goblins
  5 hobgoblins
  4 jackals (D:3)
  4 quokkas
  3 training dummies (D:5)
  8 ball pythons
  3 bats
  7 frilled lizards
  23 kobolds
  5 rats
833 creatures vanquished.

Vanquished Creatures (collateral kills)
  Nessos (Lair:4)
  Fannar (Lair:2)
  2 death yaks
  A skeletal warrior (D:14)
  A sun moth (Spider:2)
  A manticore (D:14)
  A water nymph (Shoals:1)
  A rime drake (Lair:4)
  A redback (Lair:3)
10 creatures vanquished.

Vanquished Creatures (others)
  A moth of wrath (Spider:3)
  44 fungi
  106 plants
151 creatures vanquished.

Grand Total: 994 creatures vanquished

Notes
Turn   | Place    | Note
-------+----------+-------------------------------------------
     0 | D:1      | retardedninja the Gnoll Fighter began the quest for the
                  | Orb.
     0 | D:1      | Reached XP level 1. HP: 23/23 MP: 1/1
    61 | D:1      | Reached XP level 2. HP: 29/29 MP: 2/2
   583 | D:2      | Reached XP level 3. HP: 30/35 MP: 3/3
   689 | D:2      | Found a faded altar of an unknown god.
   746 | D:2      | Reached skill level 1 in Invocations
   872 | D:2      | Reached skill level 1 in Short Blades
   872 | D:2      | Reached skill level 1 in Long Blades
   872 | D:2      | Reached skill level 1 in Maces & Flails
   872 | D:2      | Reached skill level 1 in Polearms
   872 | D:2      | Reached skill level 1 in Staves
   872 | D:2      | Reached skill level 1 in Ranged Weapons
   872 | D:2      | Reached skill level 1 in Throwing
   872 | D:2      | Reached skill level 1 in Dodging
   872 | D:2      | Reached skill level 1 in Stealth
   872 | D:2      | Reached skill level 1 in Unarmed Combat
   872 | D:2      | Reached skill level 1 in Spellcasting
   872 | D:2      | Reached skill level 1 in Evocations
  1039 | D:3      | Reached XP level 4. HP: 41/41 MP: 5/5
  1114 | D:3      | Found a white marble altar of Elyvilon.
  1586 | D:3      | Reached skill level 1 in Conjurations
  1586 | D:3      | Reached skill level 1 in Hexes
  1586 | D:3      | Reached skill level 1 in Summonings
  1586 | D:3      | Reached skill level 1 in Necromancy
  1586 | D:3      | Reached skill level 1 in Translocations
  1586 | D:3      | Reached skill level 1 in Transmutations
  1586 | D:3      | Reached skill level 1 in Fire Magic
  1586 | D:3      | Reached skill level 1 in Ice Magic
  1586 | D:3      | Reached skill level 1 in Air Magic
  1586 | D:3      | Reached skill level 1 in Earth Magic
  1586 | D:3      | Reached skill level 1 in Poison Magic
  1950 | D:3      | Found a glowing silver altar of Zin.
  2400 | D:3      | Reached XP level 5. HP: 37/47 MP: 5/7
  2610 | D:4      | Noticed Pikel
  2613 | D:4      | Noticed a lemure
  2614 | D:4      | Noticed a lemure
  2627 | D:4      | Noticed a lemure
  2628 | D:4      | Killed Pikel
  2629 | D:4      | Reached skill level 5 in Axes
  2629 | D:4      | Reached XP level 6. HP: 22/55 MP: 7/9
  2629 | D:4      | Reached XP level 7. HP: 24/60 MP: 7/10
  2834 | D:4      | Found Rawon's Antique Weapon Shop.
  2923 | D:4      | Identified the +3 ring mail "Xuudiq" {rPois Str-4 Stlth+}
  3006 | D:4      | Found Yvi Vuxo's Magic Scroll Shoppe.
  3025 | D:4      | Found an opulent altar of Gozag.
  3100 | D:4      | Became a worshipper of Gozag Ym Sagoz the Greedy
  3171 | D:5      | Entered Level 5 of the Dungeon
  3244 | D:5      | Reached XP level 8. HP: 52/67 MP: 12/12
  3375 | D:5      | Noticed Eustachio
  3393 | D:5      | Killed Eustachio
  3439 | D:5      | Found Hurasun's Firing Range.
  3838 | D:5      | Found Enottet's Book Shoppe.
  4204 | D:6      | Found a runed translucent gate.
  4204 | D:6      | Found a runed translucent gate.
  4204 | D:6      | Found a runed translucent gate.
  4204 | D:6      | Noticed domi's ghost (novice VSBr)
  4349 | D:6      | Found a stormy altar of Qazlal.
  4484 | D:6      | Reached XP level 9. HP: 30/66 MP: 14/14
  4651 | D:6      | Found a staircase to the Ecumenical Temple.
  4895 | D:6      | Found a basalt altar of Yredelemnul.
  4983 | D:6      | Noticed a troll
  4997 | D:6      | Killed a troll
  6104 | D:7      | Reached skill level 5 in Invocations
  6622 | D:7      | Found a radiant altar of Vehumet.
  6753 | D:7      | Identified a scroll of acquirement
  6753 | D:7      | Acquired the +8 lance "Wyrmbane" {slay drac, rPois rF+ rC+
                  | AC+3}
  6753 | D:7      | Found the +8 lance "Wyrmbane" {slay drac, rPois rF+ rC+
                  | AC+3}
  6760 | D:8      | Noticed Joseph
  6803 | D:8      | Killed Joseph
  6804 | D:8      | Reached skill level 5 in Short Blades
  6804 | D:8      | Reached skill level 5 in Long Blades
  6804 | D:8      | Reached skill level 5 in Maces & Flails
  6804 | D:8      | Reached skill level 5 in Polearms
  6804 | D:8      | Reached skill level 5 in Staves
  6804 | D:8      | Reached skill level 5 in Ranged Weapons
  6804 | D:8      | Reached skill level 5 in Throwing
  6804 | D:8      | Reached skill level 5 in Dodging
  6804 | D:8      | Reached skill level 5 in Stealth
  6804 | D:8      | Reached skill level 5 in Unarmed Combat
  6804 | D:8      | Reached skill level 5 in Spellcasting
  6804 | D:8      | Reached skill level 5 in Evocations
  6804 | D:8      | Reached XP level 10. HP: 77/82 MP: 17/17
  6854 | D:8      | Found Lahuoman's Armour Shoppe.
  6862 | D:8      | Bought a +0 pair of gloves of stealth for 161 gold pieces
  6877 | D:8      | Noticed Grum
  6910 | D:8      | Killed Grum
  7099 | D:8      | Found Jeurayd's Armour Shoppe.
  7153 | D:8      | Acquired 553 gold pieces
  7195 | D:8      | Found Kiosaadd's Weapon Boutique.
  7549 | D:8      | Noticed a two-headed ogre
  7563 | D:8      | Killed a two-headed ogre
  7659 | D:9      | Noticed Maurice
  7920 | D:9      | Killed Maurice
  8138 | D:8      | Reached skill level 5 in Conjurations
  8138 | D:8      | Reached skill level 5 in Hexes
  8138 | D:8      | Reached skill level 5 in Summonings
  8138 | D:8      | Reached skill level 5 in Necromancy
  8138 | D:8      | Reached skill level 5 in Translocations
  8138 | D:8      | Reached skill level 5 in Transmutations
  8138 | D:8      | Reached skill level 5 in Fire Magic
  8138 | D:8      | Reached skill level 5 in Ice Magic
  8138 | D:8      | Reached skill level 5 in Air Magic
  8138 | D:8      | Reached skill level 5 in Earth Magic
  8138 | D:8      | Reached skill level 5 in Poison Magic
  8138 | D:8      | Reached XP level 11. HP: 38/89 MP: 20/20
  8387 | D:9      | Noticed Harold
  8410 | D:9      | Killed Harold
  9544 | D:10     | Entered Level 10 of the Dungeon
  9561 | D:10     | Found Herphog's Assorted Antiques.
  9563 | D:10     | Noticed Snorg
  9575 | D:10     | Killed Snorg
  9678 | D:10     | Found a staircase to the Lair.
  9767 | D:10     | Noticed a deep elf pyromancer
  9768 | D:10     | Noticed a deep elf zephyrmancer
  9776 | D:10     | Killed a deep elf pyromancer
  9777 | D:10     | Noticed a deep elf zephyrmancer
  9785 | D:10     | Killed a deep elf zephyrmancer
  9801 | D:10     | Got the Book of Plaster Cramp
  9806 | D:10     | Noticed a deep elf zephyrmancer
  9817 | D:10     | Killed a deep elf zephyrmancer
  9827 | D:10     | Got Vehumet's Tome of Axaxaxas mlö
  9834 | D:10     | Got the Folio of Combed Thunderclap
  9973 | D:10     | Found a bloodstained altar of Trog.
 10065 | D:10     | Found a shimmering altar of Xom.
 10227 | D:11     | Noticed a cyclops
 10243 | D:11     | Killed a cyclops
 10250 | D:11     | Found a transporter.
 10252 | D:11     | Noticed a tengu warrior
 10254 | D:11     | Noticed cheesebisquit's ghost (journeyman MfIE)
 10342 | D:10     | Reached XP level 12. HP: 79/97 MP: 22/22
 10483 | Lair:1   | Entered Level 1 of the Lair of Beasts
 10663 | Lair:1   | Noticed a death yak
 10686 | Lair:1   | Noticed a death yak
 10700 | Lair:1   | Killed a death yak
 10714 | Lair:1   | Killed a death yak
 10976 | Lair:1   | Reached skill level 10 in Fighting
 10976 | Lair:1   | Reached skill level 10 in Armour
 10976 | Lair:1   | Reached skill level 10 in Shields
 11102 | Lair:1   | Identified the +7 glaive "Kofoitud" {freeze, rPois}
 11216 | Lair:1   | Noticed Erica
 11259 | Lair:1   | Killed Erica
 11626 | Lair:1   | Noticed Nergalle
 11641 | Lair:1   | Killed Nergalle
 12348 | Lair:2   | Noticed Amaemon
 12377 | Lair:2   | Killed Amaemon
 13001 | D:4      | Bought a scroll of enchant armour for 75 gold pieces
 13001 | D:4      | Bought a scroll of enchant armour for 75 gold pieces
 13284 | D:11     | Found a bloodstained altar of Trog.
 13285 | D:11     | Noticed a two-headed ogre
 13315 | D:11     | Found a portal to a secret trove of treasure.
 13511 | D:11     | Noticed Sonja
 13538 | D:11     | Killed Sonja
 13674 | D:11     | Identified the +7 plate armour of Lilacs {Str+2}
 13897 | D:11     | Found Itway's General Store.
 13929 | D:11     | Bought a scroll of enchant armour for 105 gold pieces
 13929 | D:11     | Bought a potion of heal wounds for 70 gold pieces
 13929 | D:11     | Bought a box of beasts for 560 gold pieces
 14069 | D:11     | Found a transporter.
 14230 | D:12     | Noticed a boulder beetle
 14325 | D:11     | Reached XP level 13. HP: 85/104 MP: 19/25
 15108 | Lair:2   | Noticed Fannar
 15124 | Lair:2   | Killed Fannar
 16627 | Lair:1   | Reached skill level 10 in Axes
 17042 | Lair:3   | Identified the +6 rapier of Beuxum {freeze, rC+}
 17088 | Lair:3   | Found a staircase to the Shoals.
 17506 | Lair:3   | Reached XP level 14. HP: 113/113 MP: 27/27
 17668 | Lair:3   | Reached skill level 10 in Invocations
 17672 | Lair:3   | Found a hole to the Spider Nest.
 17953 | Lair:4   | Noticed Nessos
 18303 | Lair:4   | Killed Nessos
 18357 | Lair:4   | Identified the +1 spear "Ocig" {heavy, *Rage *Corrode rElec
                  | Str+5}
 19397 | D:5      | Bought 4 javelins for 144 gold pieces
 19592 | Lair:5   | Entered Level 5 of the Lair of Beasts
 20566 | Lair:5   | Found a staircase to the Slime Pits.
 20566 | Lair:5   | Found a viscous altar of Jiyva.
 20790 | D:8      | Bought a +0 cloak of willpower for 138 gold pieces
 21654 | D:10     | Bought a pair of boots for 126 gold pieces
 22709 | Lair:5   | Reached skill level 10 in Short Blades
 22709 | Lair:5   | Reached skill level 10 in Long Blades
 22709 | Lair:5   | Reached skill level 10 in Maces & Flails
 22709 | Lair:5   | Reached skill level 10 in Polearms
 22709 | Lair:5   | Reached skill level 10 in Staves
 22709 | Lair:5   | Reached skill level 10 in Ranged Weapons
 22709 | Lair:5   | Reached skill level 10 in Throwing
 22709 | Lair:5   | Reached skill level 10 in Dodging
 22709 | Lair:5   | Reached skill level 10 in Stealth
 22709 | Lair:5   | Reached skill level 10 in Unarmed Combat
 22709 | Lair:5   | Reached skill level 10 in Spellcasting
 22709 | Lair:5   | Reached skill level 10 in Evocations
 22721 | Lair:5   | Found a burning altar of Makhleb.
 22763 | Lair:5   | Reached XP level 15. HP: 60/120 MP: 17/29
 23142 | Lair:5   | Found a gateway to Hell.
 25164 | D:12     | Identified the +7 hand axe of Qudacza {speed, Will+}
 25319 | D:12     | Found Wadirgh's Distillery.
 25321 | D:12     | You fall into a shaft and drop 1 floor!
 25453 | D:12     | Found a staircase to the Orcish Mines.
 26006 | Orc:1    | Entered Level 1 of the Orcish Mines
 26498 | Orc:2    | Entered Level 2 of the Orcish Mines
 26617 | Orc:2    | Noticed Urug
 26638 | Orc:2    | Killed Urug
 26843 | Orc:1    | You fall into a shaft and drop 1 floor!
 27079 | Orc:2    | Found Acen's Weapon Shop.
 27418 | Orc:2    | Gained mutation: You occasionally lose the ability to drink
                  | potions when taking damage. [a neqoxec]
 28575 | Orc:2    | Found Woneylif's Jewellery Shoppe.
 28581 | Orc:2    | Found Ruoxt's General Store.
 28584 | Orc:2    | Found Bemutaps's Weapon Shop.
 28615 | Orc:2    | Bought the amulet of the Four Winds {rN+ Will+++ Clar} for
                  | 849 gold pieces
 28615 | Orc:2    | Found the amulet of the Four Winds {rN+ Will+++ Clar}
 28755 | Orc:2    | Found a staircase to the Elven Halls.
 30030 | D:13     | Reached XP level 16. HP: 129/129 MP: 30/30
 30156 | D:13     | Found a gate to the Vaults.
 31837 | D:14     | Found an iron altar of Okawaru.
 32281 | D:14     | Found a runed translucent gate.
 32281 | D:14     | Found a runed translucent gate.
 32281 | D:14     | Noticed an azure jelly
 32281 | D:14     | Noticed an azure jelly
 32281 | D:14     | Noticed bjtr's ghost (journeyman GrEE)
 32285 | D:14     | Found a runed translucent gate.
 32936 | D:14     | Found a viscous altar of Jiyva.
 32967 | D:15     | Entered Level 15 of the Dungeon
 33692 | D:15     | Found a staircase to the Depths.
 34935 | Spider:1 | Entered Level 1 of the Spider Nest
 35765 | Spider:1 | Found a transporter.
 35775 | Spider:1 | Noticed ryw's ghost (adept DsMo)
 35995 | Spider:1 | Found a transporter.
 37916 | Spider:2 | Noticed Jorgrun
 38203 | Spider:1 | Gained mutation: You are agile. (Dex +4, Str/Int -1)
                  | [mutagenic glow]
 38605 | Spider:1 | Gained mutation: You occasionally lose the ability to read
                  | scrolls when taking damage. [mutagenic glow]
 39066 | Spider:1 | Killed Jorgrun
 39067 | Spider:1 | Reached XP level 17. HP: 42/137 MP: 18/32
 39947 | Shoals:1 | Entered Level 1 of the Shoals
 39982 | Shoals:1 | Reached skill level 10 in Conjurations
 39982 | Shoals:1 | Reached skill level 10 in Hexes
 39982 | Shoals:1 | Reached skill level 10 in Summonings
 39982 | Shoals:1 | Reached skill level 10 in Necromancy
 39982 | Shoals:1 | Reached skill level 10 in Translocations
 39982 | Shoals:1 | Reached skill level 10 in Transmutations
 39982 | Shoals:1 | Reached skill level 10 in Fire Magic
 39982 | Shoals:1 | Reached skill level 10 in Ice Magic
 39982 | Shoals:1 | Reached skill level 10 in Air Magic
 39982 | Shoals:1 | Reached skill level 10 in Earth Magic
 39982 | Shoals:1 | Reached skill level 10 in Poison Magic
 40311 | Lair:3   | Lost mutation: You occasionally lose the ability to read
                  | scrolls when taking damage. [potion of mutation]
 40311 | Lair:3   | Lost mutation: You occasionally lose the ability to drink
                  | potions when taking damage. [potion of mutation]
 40311 | Lair:3   | Lost mutation: You are agile. (Dex +4, Str/Int -1) [potion
                  | of mutation]
 40311 | Lair:3   | Gained mutation: You occasionally lose the ability to drink
                  | potions when taking damage. [potion of mutation]
 40312 | Lair:3   | Lost mutation: You occasionally lose the ability to drink
                  | potions when taking damage. [potion of mutation]
 40312 | Lair:3   | Gained mutation: You are vulnerable to cold. (rC-) [potion
                  | of mutation]
 40312 | Lair:3   | Gained mutation: You are robust. (+10% HP) [potion of
                  | mutation]
 40312 | Lair:3   | Lost mutation: You are vulnerable to cold. (rC-) [potion of
                  | mutation]
 40312 | Lair:3   | Gained mutation: You are partially covered in iridescent
                  | scales. (AC +2) [potion of mutation]
 41800 | Spider:2 | Identified the +3 plate armour of Ignis's Pride {rCorr}
 42131 | Spider:2 | Noticed Arachne
 44094 | Spider:1 | Killed Arachne
 46359 | Spider:2 | Found the +4 robe of Folly {Brill Will-∞ Int+8}
 46561 | Spider:2 | Reached XP level 18. HP: 159/159 MP: 34/34
 48912 | Spider:3 | HP: 3/159 [demonic crawler (21)]
 48913 | Spider:3 | Succumbed to a redback's poison

Illustrated notes

Levels and vault maps discovered:
D:1:      psy_arrival_radial01, layout_rooms
D:2:      layout_rooms, ebering_ecumenical_altar_hall,
          minmay_misc_feat_nine_boxes, minmay_tiny_reverse_x
D:3:      layout_loops_ring, mainiacjoe_overflow_alcove_2, zin_scriptorium,
          minivault_14, minivault_25, kennysheep_cross_room, grunt_ministairs_6,
          bh_walls_and_bars
D:4:      layout_cave_pools, grunt_gozag_statues, serial_shops,
          nicolae_stop_n_shop_1, nicolae_shop_trees, uniq_pikel
D:5:      layout_basic, serial_shops, shop, nicolae_shop_firing_range,
          uniq_eustachio
D:6:      minmay_cornered_nines, layout_cave_pods, grunt_qazlal_sundering,
          nicolae_yredelemnul_ghost_church, minmay_temple_entry_steel_oval,
          st_stairs_5, hangedman_decor_points
D:7:      layout_basic, lemuel_doored_altar
D:8:      layout_gridville, serial_shops, shop, nicolae_take_the_stairs, shop,
          uniq_grum, uniq_joseph
D:9:      layout_layer_cave, uniq_harold, uniq_maurice
D:10:     layout_roguey, mainiacjoe_overflow_divided_tiny,
          due_lair_maze_entry_diamond, serial_shops, shop,
          minmay_misc_feat_doors, bh_hangedman_babel_library, uniq_snorg
D:11:     layout_long_grid, serial_shops, nicolae_shop_crystal,
          gammafunk_ghost_wrathful_warriors, nicolae_trove_entry_isolated,
          dk_noncrumbling_3, grunt_ministairs_8, uniq_sonja
D:12:     layout_cave_pools, kennysheep_orc_monster_closet_entryway,
          gauntlet_entry_generic, serial_shops, shop
D:13:     layout_loops_corners, david_vaults_5
D:14:     layout_small_grid, gammafunk_ghost_ooze, serial_bayou_pond_c,
          okawaru_metal_pillars_3
D:15:     grunt_enter_depths_snipers, layout_loops_ring, hangedman_glass_teeth,
          lightli_corner_chamber
Lair:1:   layout_cellular_growth, infiniplex_staircase_pool, grunt_megastairs_2,
          uniq_erica, uniq_nergalle
Lair:2:   layout_small_grid, beast_lair_carwin_7, uniq_amaemon, uniq_fannar
Lair:3:   wad_woods_minihive, layout_chaotic_city,
          minmay_shoals_entry_lonely_mermaid, dummy_spider_entry
Lair:4:   layout_small_grid, uniq_nessos
Lair:5:   evil_forest, layout_misc_corridors, slime_entry_1, serial_forest,
          infiniplex_forest_lined_corner, infiniplex_forest_straight_3,
          infiniplex_forest_zigzag_1, infiniplex_forest_straight_5,
          infiniplex_forest_corner_1, infiniplex_forest_lined_3,
          infiniplex_forest_lined_room_2, infiniplex_forest_end_2
Shoals:1: layout_shoals, serial_shops, shop, nicolae_diamond_shop,
          nicolae_shop_crystal, shop, nicolae_shop_crystal,
          nicolae_shoals_wave_tunnel
Spider:1: nicolae_spider_hilbert_zone_1 [nicolae_spider_hilbert_4_sides_1_open,
          nicolae_spider_hilbert_4_sides_1_open,
          nicolae_spider_hilbert_4_sides_1_open,
          nicolae_spider_hilbert_4_sides_1_open,
          nicolae_spider_hilbert_3_sides_1_open,
          nicolae_spider_hilbert_3_sides_1_open,
          nicolae_spider_hilbert_3_sides_1_open,
          nicolae_spider_hilbert_3_sides_1_open,
          nicolae_spider_hilbert_3_sides_1_open,
          nicolae_spider_hilbert_6_sides_1_open,
          nicolae_spider_hilbert_6_sides_1_open,
          nicolae_spider_hilbert_3_sides_1_open,
          nicolae_spider_hilbert_3_sides_1_open,
          nicolae_spider_hilbert_3_sides_1_open,
          nicolae_spider_hilbert_3_sides_1_open,
          nicolae_spider_hilbert_2_sides_1_open], gammafunk_ghost_arena,
          nicolae_spider_webbed_stairs
Spider:2: cheibrodos_spider_silkery, uniq_jorgrun, uniq_arachne
Spider:3: nicolae_spider_corner, gammafunk_ghost_arena,
          nicolae_spider_cling_halls
Orc:1:    layout_diamond_mine
Orc:2:    st_orc_elflike, layout_diamond_mine, uniq_urug

Skill      XL: |  1  2  3  4  5  6  7  8  9 10 11 12 13 14 15 16 17 |
---------------+----------------------------------------------------+-----
Invocations    | 1 2 3 4 5 6 7 8 9 10 11 12 13 | 13.5
Short Blades   | 1 2 3 5 6 7 8 9 10 11 12 | 12.4
Long Blades    | 1 2 3 5 6 7 8 9 10 11 12 | 12.4
Maces & Flails | 1 2 3 5 6 7 8 9 10 11 12 | 12.4
Polearms       | 1 2 3 5 6 7 8 9 10 11 12 | 12.4
Staves         | 1 2 3 5 6 7 8 9 10 11 12 | 12.4
Ranged Weapons | 1 2 3 5 6 7 8 9 10 11 12 | 12.4
Throwing       | 1 2 3 5 6 7 8 9 10 11 12 | 12.4
Dodging        | 1 2 3 5 6 7 8 9 10 11 12 | 12.4
Stealth        | 1 2 3 5 6 7 8 9 10 11 12 | 12.4
Unarmed Combat | 1 2 3 5 6 7 8 9 10 11 12 | 12.4
Spellcasting   | 1 2 3 5 6 7 8 9 10 11 12 | 12.4
Evocations     | 1 2 3 5 6 7 8 9 10 11 12 | 12.4
Conjurations   | 1 2 3 4 5 6 7 8 9 10 | 10.5
Hexes          | 1 2 3 4 5 6 7 8 9 10 | 10.5
Summonings     | 1 2 3 4 5 6 7 8 9 10 | 10.5
Necromancy     | 1 2 3 4 5 6 7 8 9 10 | 10.5
Translocations | 1 2 3 4 5 6 7 8 9 10 | 10.5
Transmutations | 1 2 3 4 5 6 7 8 9 10 | 10.5
Fire Magic     | 1 2 3 4 5 6 7 8 9 10 | 10.5
Ice Magic      | 1 2 3 4 5 6 7 8 9 10 | 10.5
Air Magic      | 1 2 3 4 5 6 7 8 9 10 | 10.5
Earth Magic    | 1 2 3 4 5 6 7 8 9 10 | 10.5
Poison Magic   | 1 2 3 4 5 6 7 8 9 10 | 10.5
Fighting       | 7 8 9 10 11 12 13 | 13.9
Axes           | 5 6 7 8 9 10 11 12 13 | 13.2
Armour         | 7 8 9 10 11 12 13 | 13.9
Shields        | 7 8 9 10 11 12 13 | 13.9

Action                     |  1- 3 |  4- 6 |  7- 9 | 10-12 | 13-15 | 16-18 || total
---------------------------+-------+-------+-------+-------+-------+-------++-------
  Melee: War axe           |    99 |    93 |   361 |       |       |       ||   553
         Bite              |     9 |     8 |    49 |    80 |   305 |   230 ||   681
         Lance             |       |       |    19 |   809 |  1995 |  1453 ||  4276
  Throw: Javelin           |     7 |       |     6 |    10 |     6 |    13 ||    42
         Throwing net      |       |       |     1 |     4 |       |       ||     5
 Invoke: Potion Petition   |       |       |       |     2 |     3 |     8 ||    13
  Evoke: Wand              |       |     2 |     2 |       |     1 |    26 ||    31
         Phantom mirror    |       |       |       |       |     3 |     5 ||     8
         Box of beasts     |       |       |       |       |     3 |     4 ||     7
         Tin of tremorston |       |       |       |       |     3 |     7 ||    10
    Use: Potion            |       |     3 |     6 |     9 |     6 |    11 ||    35
         Scroll            |       |       |    17 |    12 |    13 |    16 ||    58
   Stab: Invisible         |       |       |     3 |     4 |       |     1 ||     8
         Distracted        |       |       |     1 |     3 |     7 |     8 ||    19
         Petrified         |       |       |       |       |     4 |       ||     4
 Armour: Scale mail        |    48 |    27 |       |       |       |       ||    75
         Plate armour      |       |    26 |   179 |   427 |   696 |   960 ||  2288
  Dodge: Dodged            |    38 |    46 |   210 |   577 |   971 |   674 ||  2516
  Block: Buckler           |    17 |    31 |   130 |   254 |   363 |       ||   795
         Kite shield       |       |       |       |       |   187 |   895 ||  1082

Table legend: (Time is in decaauts)
 A = Elapsed time spent in this place.
 B = Non-inter-level travel time spent in this place.
 C = Inter-level travel time spent in this place.
 D = Time resting spent in this place.
 E = Time spent auto-exploring this place.
 F = Levels seen in this place.
 G = Mean time per level.
                   A        B        C        D        E       F      G
               +--------+--------+--------+--------+--------+-----+--------+
         Total |  47753 |  44927 |   2826 |  20122 |  16286 |  26 | 1836.7 |
       Dungeon |  19061 |  17692 |   1369 |   4759 |   9259 |  15 | 1270.7 |
          Lair |  14602 |  13650 |    952 |   7333 |   4191 |   5 | 2920.4 |
        Shoals |    232 |    232 |      0 |     58 |      0 |   1 |  232.0 |
   Spider Nest |  11087 |  10859 |    228 |   7212 |   1633 |   3 | 3695.7 |
  Orcish Mines |   2769 |   2494 |    275 |    759 |   1203 |   2 | 1384.5 |
               +--------+--------+--------+--------+--------+-----+--------+

Top non-repeatable levels by time:
Spider:1: 6886 daAuts
  Lair:3: 4052 daAuts
Spider:2: 4039 daAuts
  Lair:4: 3495 daAuts
  Lair:1: 2888 daAuts
  Lair:5: 2276 daAuts
    D:13: 2037 daAuts
  Lair:2: 1890 daAuts
    D:14: 1837 daAuts
    D:15: 1757 daAuts
     D:9: 1755 daAuts
     D:3: 1681 daAuts
   Orc:2: 1619 daAuts
     D:6: 1512 daAuts
     D:7: 1366 daAuts
